 Dungeon Crawl Stone Soup version 0.30-a0-1164-ge08a677 (webtiles) character file.

Game seed: 15610174571079788071

104965 Dorkslayer the Severer (level 16, -9/103 HPs)
             Began as a Gargoyle Fighter on Apr 26, 2023.
             Was the Champion of the Shining One.
             Killed from afar by Bai Suzhen (21 damage)
             ... with a torrent of water
             ... on level 3 of the Swamp on Apr 29, 2023.
             The game lasted 00:51:07 (17444 turns).

Dorkslayer the Severer (Gargoyle Fighter)          Turns: 17444, Time: 00:51:08

Health: -9/103     AC: 39    Str: 29    XL:     16   Next: 40%
Magic:  25/25      EV: 29    Int: 14    God:    the Shining One [******]
Gold:   750        SH:  6    Dex: 12    Spells: 15/15 levels left

rFire   + + +        x - +6 war axe (flame)
rCold   . . .        c - +0 buckler
rNeg    + + +        G - +5 plate armour {rF+}
rPois   ∞            i - +0 helmet
rElec   +            q - +0 cloak
rCorr   .            b - +3 pair of gloves of the Clam {rF++ Str+3}
SInv    +            (no boots)
Will    ++...        N - amulet of the acrobat Stlth
                     F - ring of the Enemy {Fire Contam Will+ Str+4 SInv}
HPRegen 0.37/turn    y - +5 ring of evasion
MPRegen 0.19/turn

%: acrobat
@: acrobatic, flying, hasted, glowing, very quick
A: sickness immunity, AC +12, big wings, negative energy resistance 1,
electricity resistance, torment resistance 1, petrification resistance, clever
1, cold resistance 1
a: Renounce Religion, Divine Shield, Cleansing Flame, Summon Divine Warrior


You were on level 3 of the Swamp.
You worshipped the Shining One.
The Shining One was exalted by your worship.
You visited 4 branches of the dungeon, and saw 21 of its levels.
You visited the Abyss 1 time.

You collected 1978 gold pieces.
You spent 1228 gold pieces at shops.

Inventory:

Hand Weapons
 x - a +6 war axe of flaming (weapon)
 C - a +8 war axe of holy wrath
Missiles
 e - 3 curare-tipped darts (quivered)
 r - 3 silver javelins
 w - 17 boomerangs
Armour
 b - the +3 pair of gloves of the Clam (worn) {rF++ Str+3}
   (You acquired it on level 5 of the Dungeon)

   Str:       It affects your strength (+3).
   rF:        It greatly protects you from fire.
 c - a +0 buckler (worn)
 i - a +0 helmet (worn)
 q - a +0 cloak (worn)
 G - a +5 plate armour of fire resistance (worn)
 O - a +4 plate armour of positive energy
Jewellery
 y - a +5 ring of evasion (right hand)
 F - the ring of the Enemy (left hand) {Fire Contam Will+ Str+4 SInv}
   (You bought it in a shop on level 2 of the Orcish Mines)

   [ring of fire]

   It enhances your fire magic.
   Str:       It affects your strength (+4).
   rF:        It protects you from fire.
   rC:        It makes you vulnerable to cold.
   SInv:      It lets you see invisible.
   Contam:    It causes magical contamination when unequipped.
   Will:      It increases your willpower.
 N - an amulet of the acrobat (around neck)
Wands
 d - a wand of polymorph (4)
 f - a wand of digging (8)
 j - a wand of iceblast (23)
 m - a wand of flame (27)
 v - a wand of charming (10)
 E - a wand of mindburst (7)
Scrolls
 a - 5 scrolls of identify
 k - a scroll of magic mapping
 l - 15 scrolls of teleportation
 p - 3 scrolls of fog
 s - 3 scrolls of fear
 u - 2 scrolls of poison
 z - a scroll of blinking
 J - a scroll of silence
 M - 2 scrolls of enchant armour
 Q - a scroll of immolation
 S - a scroll of butterflies
Potions
 g - 6 potions of flight
 h - 5 potions of attraction
 n - 6 potions of brilliance
 o - 9 potions of ambrosia
 A - a potion of resistance
 D - a potion of cancellation
 H - 4 potions of curing
 I - a potion of heal wounds
 K - 2 potions of mutation
 L - a potion of might
 R - a potion of lignification
Miscellaneous
 B - a phial of floods
 P - a phantom mirror


   Skills:
 + Level 12.6 Fighting
 + Level 16.1 Axes
 + Level 1.0 Throwing
 + Level 11.1 Armour
 + Level 3.8 Dodging
 + Level 0.6 Stealth
 + Level 9.1 Shields
 * Level 12.8 Invocations
 * Level 10.2 Evocations


You had 15 spell levels left.
You didn't know any spells.
Your spell library contained the following spells:

 Spells                   Type           Power      Damage    Failure   Level
 Apportation              Tloc           0%         N/A       93%         1
 Necrotise                Necr           0%         1d4       93%         1
 Summon Small Mammal      Summ           0%         N/A       93%         1
 Ensorcelled Hibernation  Hex/Ice        0%         N/A       98%         2
 Lesser Beckoning         Tloc           0%         N/A       98%         2
 Passwall                 Tmut/Erth      0%         N/A       98%         2
 Gell's Gravitas          Tloc           0%         N/A       100%        3
 Ignite Poison            Fire/Tmut/Pois 0%         N/A       100%        3
 Inner Flame              Hex/Fire       0%         N/A       100%        3
 Ozocubu's Armour         Ice            0%         N/A       100%        3
 Spider Form              Tmut/Pois      0%         N/A       100%        3
 Swiftness                Air            0%         N/A       100%        3
 Teleport Other           Tloc           0%         N/A       100%        3
 Tukima's Dance           Hex            0%         N/A       100%        3
 Anguish                  Hex/Necr       0%         N/A       100%        4
 Flame Wave               Conj/Fire      0%         2d4       100%        4
 Leda's Liquefaction      Hex/Erth       0%         N/A       100%        4
 Passage of Golubria      Tloc           0%         N/A       100%        4
 Sticky Flame             Conj/Fire      0%         2d3       100%        4
 Freezing Cloud           Conj/Ice/Air   0%         6-21      100%        5
 Lee's Rapid Deconstruct  Erth           0%         3d4*      100%        5
 Metabolic Englaciation   Hex/Ice        0%         N/A       100%        5
 Yara's Violent Unravell  Hex/Tmut       0%         3d3       100%        5
 Simulacrum               Ice/Necr       0%         N/A       100%        6
 Enfeeble                 Hex            0%         N/A       100%        7
 Cigotuvi's Dreadful Rot  Necr/Pois/Air  Unusable   N/A       N/A         2
 Statue Form              Tmut/Erth      Unusable   N/A       N/A         6

Dungeon Overview and Level Annotations

Branches:
Dungeon (11/15)            Temple (0/1) D:5            Lair (5/5) D:10
  Swamp (3/4) Lair:2        Snake (0/4) Lair:3        Slime (0/5) Lair:4
    Orc (2/2) D:11            Elf (0/3) Orc:2

Altars:
Dithmenos
Elyvilon
Fedhas
Hepliaklqana
Makhleb
Nemelex Xobeh
Qazlal
Wu Jian
Xom
The Shining One
Jiyva
Lugonu

Shops:
Orc:1 (   Orc:2 *=!*

Portals:
Abyss: Lair:5

Annotations:
Swamp:3 Bai Suzhen, Roxanne


Innate Abilities, Weirdness & Mutations

You are immune to sickness and miasma.
Your stone body is resilient. (AC +12)
You are immune to poison.
Your large and strong wings let you fly.
You resist negative energy. (rN+)
You are resistant to electric shocks. (rElec)
You are resistant to unholy torment.
You are immune to petrification.
Your mind is acute. (Int +4, Str/Dex -1)
Your flesh is cold resistant. (rC+)


Message History

Bai Suzhen is heavily wounded.
You slash Bai Suzhen! You burn Bai Suzhen.
You hear a splash.
Bai Suzhen roars in fury and transforms into a fierce dragon!
Bai Suzhen is heavily wounded.
You hit Bai Suzhen. You burn Bai Suzhen.
Bai Suzhen is heavily wounded.
Bai Suzhen breathes water at you. The torrent of water hits you!!
You are knocked back by the torrent of water.
You slam into the mangrove!
* * * LOW HITPOINT WARNING * * *
The wave splashes down.
You hear a roar! x2
You feel yourself speed up.
You are engulfed in a thunderstorm.
You resist.
* * * LOW HITPOINT WARNING * * *
Bai Suzhen bites you but does no damage.
You block Bai Suzhen's attack. Bai Suzhen tramples you.
* * * LOW HITPOINT WARNING * * *
You hold your ground!
The eight-headed hydra bites you but does no damage. x2
You block the eight-headed hydra's attack.
The eight-headed hydra closely misses you.
The eight-headed hydra bites you.
* * * LOW HITPOINT WARNING * * *
The eight-headed hydra barely misses you.
The eight-headed hydra closely misses you.
The eight-headed hydra bites you but does no damage.
Blink to where?
Press: ? - help, Dir - move target, p - Bai Suzhen
As you read the scroll of blinking, it crumbles to dust.
The bog body gestures at you while chanting.
The bolt of cold hits you.
* * * LOW HITPOINT WARNING * * *
The nine-headed hydra is engulfed in freezing vapours.
You see here a curare-tipped dart.
You see here a bunyip skeleton.
Bai Suzhen breathes water at you. The torrent of water hits you!!
You die...

♣.~.~.♣♣.~.♣♣~♣♣ (
.~.§♣..§~~.♣..~.~~~♣
.~§♣~~♣...~~♣♣~.†..~♣♣
~~~~~~♣...♣~♣♣♣.~.♣♣♣
~~~♣~.♣♣~.~~♣♣♣..♣♣
~~~t.~♣.~~~~...~~♣
?~§§§~♣♣>§~~♣~~.♣♣
..~~.○♣..♣~~~~§.<♣
..~~~.~°.)~♣~.~.@♣
♣♣♣.~~~~~~~~>.♣[÷♣♣
♣..~~♣~~.♣♣♣♣D§§♣
♣♣.~~~~.♣♣ ♣♣(D♣♣♣♣♣
♣.♣~~♣♣♣ ♣♣§§§.♣§♣
♣...♣♣ ♣..§n§§♣~?.♣
♣♣.♣♣♣ ♣...♣♣♣D♣♣♣♣
♣~~♣ ♣♣...♣ ♣♣ ♣.♣♣
♣♣...♣♣


You could see Bai Suzhen (clouds, catching breath), a nine-headed hydra
(summoned) and a bog body.

Vanquished Creatures
  A dread lich (Abyss:3)
  A thorn hunter (Swamp:3)
  The ghost of Qighoun the Bludgeoner, a journeyman AtFi of Kikubaaqudgha (Swamp:2)
  4 bunyips
  A minotaur (Lair:3)
  4 eleionomae
  A dire elephant (Lair:4)
  Snorg (Lair:4)
  The ghost of Sarlacc the Cleaver, a journeyman MiBe of Trog (D:10)
  5 hydras
  Erolcha (Orc:2)
  2 ghost crabs
  2 centaur warriors (Orc:2)
  3 two-headed ogres
  12 death yaks
  6 alligators
  Nergalle (Lair:3)
  5 thrashing horrors
  Sonja (Lair:3)
  A skyshark (Lair:4)
  A sixfirhy (Abyss:2)
  Amaemon (Lair:1)
  6 goliath frogs
  2 swamp dragons
  3 spriggan druids
  6 bog bodies
  A spectral hydra (Swamp:2)
  A fenstrider witch simulacrum (Swamp:2)
  2 orc knights
  An oklob plant (Lair:1)
  An orc sorcerer (Orc:2)
  An ugly thing (D:11)
  Maurice (Orc:2)
  A manticore (D:11)
  3 will-o-the-wisps (Swamp:1)
  27 elephants
  5 black mambas
  9 cane toads
  A cane toad (shapeshifter) (Lair:3)
  2 smoke demons (Lair:5)
  An orange demon (Lair:1)
  Maggie (D:7)
  An unseen horror (D:11)
  A bunyip simulacrum (Swamp:2)
  A kobold demonologist (D:9)
  Psyche (D:10)
  2 rime drakes (Lair:2)
  7 komodo dragons
  A spectral death drake (Swamp:2)
  A bloated husk (Swamp:2)
  4 trolls
  A queen bee (Lair:2)
  2 ancient zymes
  11 tyrant leeches
  6 hornets
  2 polar bears
  A tarantella (shapeshifter) (Lair:5)
  14 blink frogs
  5 large abominations
  4 raiju (Abyss:3)
  Sigmund (D:5)
  2 shadows (D:11)
  3 ynoxinuls
  2 wyverns
  Grum (D:8)
  4 starcursed masses (Abyss:2)
  10 spriggans
  31 yaks
  7 basilisks
  3 steam dragons
  A basilisk (shapeshifter) (Lair:5)
  5 vampire mosquitoes
  A chaos spawn (Lair:5)
  10 swamp worms
  3 nagas (Lair:3)
  Edmund (D:6)
  A warg (D:11)
  2 acid dragons (D:10)
  14 water moccasins
  3 sky beasts
  27 orc warriors
  2 black bears
  3 ice beasts
  8 centaurs
  2 ogres (Orc:2)
  12 wolves
  A phantom (D:6)
  8 kobold brigands
  17 bullfrogs
  An earth elemental (Abyss:3)
  6 scorpions
  9 small abominations
  35 killer bees
  A howler monkey (D:11)
  2 electric eels
  A sleepcap (D:6)
  A jelly (D:7)
  6 hounds
  2 gnoll boudas
  14 orc priests
  3 iguanas (D:5)
  30 orc wizards
  Robin (D:4)
  11 gnolls
  6 adders
  A shadow imp (D:5)
  3 worms
  2 dart slugs (D:1)
  56 orcs
  8 endoplasms
  A giant cockroach (D:4)
  21 goblins
  8 hobgoblins
  2 quokkas
  11 ball pythons
  7 bats
  2 frilled lizards
  32 kobolds
  A rat (D:2)
  2 butterflies (Lair:5)
667 creatures vanquished.

Vanquished Creatures (collateral kills)
  A wolf (D:8)
1 creature vanquished.

Vanquished Creatures (others)
  A spriggan druid (Swamp:3)
  A bloated husk (Swamp:3)
  A yak (D:9)
  A spriggan (Swamp:3)
  A wolf (D:8)
  An orc wizard (Orc:2)
  An orc (D:10)
  10 foxfires (Swamp:1)
  59 fungi
  55 plants
131 creatures vanquished.

Grand Total: 799 creatures vanquished

Notes
Turn   | Place    | Note
-------+----------+-------------------------------------------
     0 | D:1      | Dorkslayer the Gargoyle Fighter began the quest for the
                  | Orb.
     0 | D:1      | Reached XP level 1. HP: 14/14 MP: 1/1
   147 | D:1      | Reached XP level 2. HP: 19/19 MP: 2/2
   343 | D:1      | Reached skill level 2 in Axes
   372 | D:1      | Reached XP level 3. HP: 22/23 MP: 3/3
   713 | D:2      | Reached XP level 4. HP: 16/29 MP: 4/4
   721 | D:2      | Reached skill level 1 in Dodging
  1119 | D:3      | Reached XP level 5. HP: 33/33 MP: 5/5
  1484 | D:3      | Noticed a centaur
  1494 | D:3      | Killed a centaur
  1495 | D:3      | Reached skill level 3 in Axes
  1657 | D:4      | Noticed Robin
  1670 | D:4      | Reached XP level 6. HP: 38/38 MP: 6/6
  1703 | D:4      | Found a white marble altar of Elyvilon.
  1703 | D:4      | Found a stormy altar of Qazlal.
  1779 | D:4      | Found a glowing golden altar of the Shining One.
  1788 | D:4      | Became a worshipper of the Shining One
  1918 | D:4      | Found a blossoming altar of Fedhas.
  1939 | D:4      | Noticed a black bear
  1967 | D:4      | Killed a black bear
  1968 | D:4      | Reached skill level 4 in Axes
  1968 | D:4      | Reached skill level 5 in Armour
  1968 | D:4      | Reached XP level 7. HP: 21/43 MP: 7/7
  2325 | D:4      | Killed Robin
  2507 | D:4      | Found a sparkling altar of Nemelex Xobeh.
  2659 | D:5      | Entered Level 5 of the Dungeon
  2802 | D:5      | Noticed Sigmund
  2976 | D:5      | Identified a scroll of acquirement
  2976 | D:5      | Acquired the +3 pair of gloves of the Clam {rF++ Str+3}
  3050 | D:5      | Found a burning altar of Makhleb.
  3184 | D:5      | Found a staircase to the Ecumenical Temple.
  3210 | D:5      | Reached skill level 5 in Axes
  3210 | D:5      | Reached XP level 8. HP: 48/48 MP: 8/8
  3242 | D:5      | Killed Sigmund
  3407 | D:6      | Noticed Edmund
  3427 | D:6      | Killed Edmund
  3477 | D:6      | Reached skill level 6 in Axes
  3477 | D:6      | Reached skill level 5 in Shields
  3574 | D:6      | Reached skill level 5 in Fighting
  3574 | D:6      | Reached skill level 1 in Invocations
  3574 | D:6      | Reached skill level 1 in Evocations
  3752 | D:6      | Reached XP level 9. HP: 53/54 MP: 10/10
  3765 | D:6      | Found a shadowy altar of Dithmenos.
  3855 | D:7      | Noticed Maggie
  3881 | D:7      | Found an ornate altar of the Wu Jian Council.
  3903 | D:7      | Killed Maggie
  3904 | D:7      | Reached skill level 7 in Axes
  4234 | D:7      | Reached * piety under the Shining One
  4255 | D:7      | You are sucked into a shaft and drop 2 floors!
  4279 | D:8      | Noticed Grum
  4290 | D:8      | Gained mutation: Your flesh is cold resistant. (rC+)
                  | [potion of mutation]
  4290 | D:8      | Gained mutation: Your mind is acute. (Int +4, Str/Dex -1)
                  | [potion of mutation]
  4305 | D:8      | Killed Grum
  4654 | D:7      | Reached skill level 8 in Axes
  4654 | D:7      | Reached XP level 10. HP: 46/61 MP: 13/13
  5609 | D:9      | Reached skill level 5 in Invocations
  5685 | D:9      | Noticed a two-headed ogre
  5718 | D:9      | Killed a two-headed ogre
  5719 | D:9      | Reached skill level 9 in Axes
  6147 | D:9      | Noticed a kobold demonologist
  6161 | D:9      | Killed a kobold demonologist
  6322 | D:10     | Entered Level 10 of the Dungeon
  6338 | D:10     | Reached XP level 11. HP: 22/67 MP: 15/15
  6343 | D:10     | HP: 2/67 [hornet (5)]
  6474 | D:10     | Found a shimmering altar of Xom.
  6476 | D:10     | Found a hazy altar of Hepliaklqana.
  6505 | D:10     | Found a runed translucent door.
  6505 | D:10     | Noticed Sarlacc's ghost (journeyman MiBe)
  6616 | D:10     | Noticed Psyche
  6626 | D:10     | Killed Psyche
  6627 | D:10     | Reached skill level 5 in Evocations
  6742 | D:10     | Found a staircase to the Lair.
  6742 | D:10     | Noticed a two-headed ogre
  6750 | D:10     | Killed a two-headed ogre
  6807 | D:10     | Reached ** piety under the Shining One
  6932 | D:10     | Killed Sarlacc's ghost
  6933 | D:10     | Reached skill level 10 in Axes
  6981 | D:11     | Noticed a two-headed ogre
  6990 | D:11     | Killed a two-headed ogre
  7052 | D:11     | Found a staircase to the Orcish Mines.
  7119 | D:11     | Noticed a manticore
  7124 | D:11     | Killed a manticore
  7141 | D:11     | Noticed a brown ugly thing
  7152 | D:11     | Killed a brown ugly thing
  7305 | D:11     | Reached skill level 11 in Axes
  7305 | D:11     | Reached XP level 12. HP: 69/73 MP: 17/17
  7759 | Orc:1    | Entered Level 1 of the Orcish Mines
  7759 | Orc:1    | Found Wueddefu's Weapon Emporium.
  7958 | Orc:2    | Entered Level 2 of the Orcish Mines
  7962 | Orc:2    | Found a staircase to the Elven Halls.
  8012 | Orc:2    | Noticed Maurice
  8023 | Orc:2    | Killed Maurice
  8033 | Orc:2    | Noticed a centaur warrior
  8033 | Orc:2    | Noticed a centaur warrior
  8033 | Orc:2    | Reached *** piety under the Shining One
  8048 | Orc:2    | Killed a centaur warrior
  8051 | Orc:2    | Killed a centaur warrior
  8224 | Orc:2    | Noticed Erolcha
  8255 | Orc:2    | Killed Erolcha
  8468 | Orc:2    | Paralysed by an orc sorcerer for 5 turns
  8482 | Orc:2    | Reached skill level 1 in Throwing
  8686 | Orc:2    | Found Riatemed's Jewellery Shop.
  8686 | Orc:2    | Found Wushieja's Distillery.
  8688 | Orc:2    | Found Dyilebb's Assorted Antiques.
  8690 | Orc:2    | Found Wyet's Assorted Antiques.
  8700 | Orc:2    | Bought a worn lead wand for 96 gold pieces
  8700 | Orc:2    | Bought a shimmering bone ring for 120 gold pieces
  8700 | Orc:2    | Identified the ring of the Enemy {Fire Contam Will+ Str+4
                  | SInv} (You bought it in a shop on level 2 of the Orcish
                  | Mines)
  8709 | Orc:2    | Bought a shiny plate armour for 884 gold pieces
  8722 | Orc:2    | Bought a potion of curing for 48 gold pieces
  8722 | Orc:2    | Bought a potion of heal wounds for 80 gold pieces
  9128 | Lair:1   | Entered Level 1 of the Lair of Beasts
  9178 | Lair:1   | Reached skill level 12 in Axes
  9218 | Lair:1   | Noticed Amaemon
  9225 | Lair:1   | Killed Amaemon
  9262 | Lair:1   | Reached XP level 13. HP: 79/80 MP: 20/20
  9292 | Lair:1   | Identified the +1 robe "Gupholits" {Will+ Str-3 Slay+6
                  | Stlth+}
  9359 | Lair:1   | Reached **** piety under the Shining One
 10047 | Lair:2   | Found a staircase to the Swamp.
 10288 | Lair:2   | Reached skill level 13 in Axes
 10418 | Lair:2   | Reached skill level 10 in Invocations
 11084 | Lair:3   | Found a staircase to the Snake Pit.
 11103 | Lair:3   | Noticed Sonja
 11108 | Abyss:2  | Cast into level 2 of the Abyss (Sonja)
 11168 | Abyss:2  | Noticed a starcursed mass
 11188 | Abyss:2  | Noticed a starcursed mass
 11255 | Abyss:2  | Found a corrupted altar of Lugonu.
 11356 | Abyss:3  | Noticed a dread lich
 11363 | Abyss:3  | Noticed a great orb of eyes
 11371 | Abyss:3  | Noticed a Brimstone Fiend
 11374 | Abyss:3  | Killed a dread lich
 11375 | Abyss:3  | Reached skill level 10 in Fighting
 11375 | Abyss:3  | Gained mutation: Your large and strong wings let you fly.
                  | [Gargoyle growth]
 11375 | Abyss:3  | Reached XP level 14. HP: 88/88 MP: 21/21
 11414 | Abyss:3  | Noticed a starcursed mass
 11435 | Lair:3   | Escaped the Abyss
 11444 | Lair:3   | Killed Sonja
 11607 | Lair:3   | Noticed Nergalle
 11626 | Lair:3   | Killed Nergalle
 11787 | Lair:3   | Reached ***** piety under the Shining One
 11848 | Lair:3   | Reached skill level 14 in Axes
 11999 | Lair:3   | Found a runed translucent door.
 12703 | Lair:4   | Noticed a dire elephant
 12744 | Lair:4   | Noticed Snorg
 12756 | Lair:4   | Killed Snorg
 12992 | Lair:4   | Killed a dire elephant
 13069 | Lair:4   | Reached skill level 10 in Armour
 13447 | Lair:4   | Found a viscous altar of Jiyva.
 13447 | Lair:4   | Found a staircase to the Slime Pits.
 13589 | Lair:5   | Entered Level 5 of the Lair of Beasts
 13713 | Lair:5   | Reached XP level 15. HP: 79/94 MP: 23/23
 14115 | Lair:5   | Reached skill level 15 in Axes
 14132 | Lair:5   | Found a corrupted altar of Lugonu.
 14132 | Lair:5   | Found a one-way gate to the infinite horrors of the Abyss.
 14974 | Swamp:1  | Entered Level 1 of the Swamp
 15047 | Swamp:1  | Reached ****** piety under the Shining One
 15383 | Swamp:1  | Identified a +8 war axe of holy wrath (a +6 war axe blessed
                  | by the Shining One)
 15383 | Swamp:1  | Received a gift from the Shining One
 15464 | Swamp:1  | You are sucked into a shaft and drop 1 floor!
 15530 | Swamp:1  | Upgraded the game from 0.30-a0-1160-g6e42c06 to
                  | 0.30-a0-1164-ge08a677
 16062 | Swamp:2  | Reached XP level 16. HP: 30/101 MP: 25/25
 16314 | Swamp:2  | Found a transporter.
 16338 | Swamp:2  | Noticed Qighoun's ghost (journeyman AtFi)
 16428 | Swamp:2  | Reached skill level 10 in Evocations
 16894 | Swamp:2  | Reached skill level 16 in Axes
 16897 | Swamp:2  | Found a transporter.
 16921 | Swamp:2  | Killed Qighoun's ghost
 17041 | Swamp:3  | Identified Roxanne's Secrets of Quicksand
 17041 | Swamp:3  | Noticed Roxanne
 17165 | Swamp:3  | Noticed a thorn hunter
 17177 | Swamp:3  | Killed a thorn hunter
 17189 | Swamp:3  | Noticed Bai Suzhen
 17444 | Swamp:3  | Killed from afar by Bai Suzhen

Illustrated notes

Levels and vault maps discovered:
D:1:      minmay_arrival_checkered_box, layout_basic
D:2:      layout_rooms, st_stairs_6, minmay_pentomino_u4
D:3:      layout_loops_ring
D:4:      layout_basic, nicolae_tso_carved_into_rock,
          mainiacjoe_overflow_alcove_2, mainiacjoe_overflow_brackets,
          chequers_temple_overflow_statue_of_worship,
          chequers_serial_rivers_room_a, grunt_ministairs_2, uniq_robin
D:5:      layout_rooms, marbit_many_paths, minmay_temple_entry_drinking_statues,
          uniq_sigmund
D:6:      layout_basic, old_standard_altar, uniq_edmund
D:7:      layout_gridville, nzn_wu_jian_contemplation, uniq_maggie
D:8:      layout_rooms, kennysheep_generic_room_3, uniq_grum
D:9:      layout_cave_pods, special_room [special_room_kobold]
D:10:     layout_rooms, regret_index_temple_of_mockery, lair_entry_dummy,
          hellmonk_ghost_happy_afterlife, uniq_psyche
D:11:     layout_loops_ring, david_orc_3, st_stairs_13
Lair:1:   layout_loops_ring, grunt_megastairs_1, uniq_amaemon
Lair:2:   layout_cave_pods, minmay_swamp_entry_eels, special_room
          [special_room_bee]
Lair:3:   dreamdust_labyrinth, layout_chaotic_city,
          minmay_snake_entry_guardpost_small, hibernation_bobbens,
          serial_bayou_shore_a, uniq_nergalle, uniq_sonja
Lair:4:   mu_elephants_graveyard, layout_loops_ring, dpeg_slime_entry_enclosed,
          serial_bayou_crossing, uniq_snorg
Lair:5:   hellmonk_lair_end_abyssal_woods, layout_regular_city,
          lemuel_fruit_fields
Swamp:1:  layout_basic_swamp, evilmike_swamp_ruin_rubble_1, swamp_pool1
Swamp:2:  layout_falls_marsh, gammafunk_ghost_mausoleum,
          evilmike_swamp_ruin_wall, infiniplex_staircase_pool
Swamp:3:  layout_falls_marsh, serial_swamp_ruin, evilmike_swamp_ruin_house_6,
          evilmike_swamp_ruin_house_1, uniq_bai_suzhen, uniq_roxanne
Orc:1:    layout_caves, serial_shops, shop
Orc:2:    st_orc_rangers, layout_caves, uniq_erolcha, uniq_maurice

Skill      XL: |  1  2  3  4  5  6  7  8  9 10 11 12 13 14 15 16 |
---------------+-------------------------------------------------+-----
Axes           | 2 3 4 5 6 8 9 11 12 13 14 15 16 | 16.1
Dodging        | 1 2 3 |  3.8
Armour         | 4 5 6 7 8 9 10 11 | 11.1
Shields        | 4 5 6 7 8 9 |  9.1
Fighting       | 4 5 6 7 8 10 11 12 | 12.6
Invocations    | 2 4 6 7 9 10 11 12 | 12.8
Evocations     | 1 3 4 5 6 8 9 10 | 10.2
Throwing       | 1 |  1.0
Stealth        | |  0.6

Action                     |  1- 3 |  4- 6 |  7- 9 | 10-12 | 13-15 | 16-18 || total
---------------------------+-------+-------+-------+-------+-------+-------++-------
  Melee: War axe           |    96 |   162 |   355 |   573 |   924 |   168 ||  2278
  Throw: Boomerang         |       |       |     1 |     2 |       |       ||     3
         Dart              |       |       |       |    17 |     2 |     4 ||    23
 Invoke: Divine Shield     |       |       |       |       |     1 |       ||     1
         Brand Weapon With |       |       |       |       |     1 |       ||     1
  Evoke: Wand              |       |       |     2 |     8 |     3 |     1 ||    14
         Phial of floods   |       |       |       |     1 |       |       ||     1
    Use: Scroll            |       |     6 |     8 |    16 |     8 |     2 ||    40
         Potion            |       |     4 |     3 |     3 |     4 |     1 ||    15
 Armour: Chain mail        |    20 |       |       |       |       |       ||    20
         Plate armour      |    59 |   157 |   329 |   456 |   553 |   111 ||  1665
  Dodge: Dodged            |    24 |    63 |   147 |   372 |   546 |   103 ||  1255
  Block: Buckler           |    22 |    55 |   101 |   167 |   258 |    42 ||   645

Table legend: (Time is in decaauts)
 A = Elapsed time spent in this place.
 B = Non-inter-level travel time spent in this place.
 C = Inter-level travel time spent in this place.
 D = Time resting spent in this place.
 E = Time spent auto-exploring this place.
 F = Levels seen in this place.
 G = Mean time per level.
                   A        B        C        D        E       F      G
               +--------+--------+--------+--------+--------+-----+--------+
         Total |  17413 |  17219 |    194 |    560 |   8226 |  23 |  757.1 |
       Dungeon |   8045 |   7940 |    105 |     80 |   4118 |  11 |  731.4 |
          Lair |   5400 |   5313 |     87 |      0 |   3106 |   5 | 1080.0 |
         Swamp |   2378 |   2378 |      0 |    421 |    677 |   3 |  792.7 |
  Orcish Mines |   1275 |   1275 |      0 |     59 |    325 |   2 |  637.5 |
         Abyss |    313 |    313 |      0 |      0 |      0 |   2 |  156.5 |
               +--------+--------+--------+--------+--------+-----+--------+

Top non-repeatable levels by time:
  Lair:5: 1250 daAuts
  Lair:3: 1205 daAuts
 Swamp:2: 1181 daAuts
  Lair:2: 1083 daAuts
     D:4: 1067 daAuts
     D:7: 1048 daAuts
  Lair:4: 989 daAuts
 Swamp:1: 961 daAuts
     D:9: 904 daAuts
  Lair:1: 872 daAuts
    D:11: 828 daAuts
   Orc:2: 722 daAuts
     D:1: 696 daAuts
     D:5: 675 daAuts
     D:8: 654 daAuts
